 Dungeon Crawl Stone Soup version 0.14-a0-840-g06343e3 (webtiles) character file.

1301 Ragg the Thaumaturge (level 8, -2/41 HPs)
             Began as a Deep Elf Conjurer on Nov 13, 2013.
             Slain by a phantom (3 damage)
             ... on Level 5 of the Dungeon.
             The game lasted 00:29:58 (5795 turns).

Ragg the Thaumaturge (Deep Elf Conjurer)            Turns: 5795, Time: 00:29:58

HP  -2/41        AC  4     Str  7      XL: 8   Next:  9%
MP  26/26        EV 11     Int 21      God:
Gold 207         SH  0     Dex 15      Spells:  4 memorised, 12 levels left

Res.Fire  : . . .   See Invis. : .   a - +4,+0 elf spear
Res.Cold  : . . .   Warding    : .   m - +0 elf leather armour
Life Prot.: . . .   Conserve   : .   (no shield)
Res.Poison: +       Res.Corr.  : .   (no helmet)
Res.Elec. : .       Clarity    : .   (no cloak)
Sust.Abil.: . .     Spirit.Shd : .   (no gloves)
Res.Mut.  : .       Stasis     : .   I - +0 pair of boots
Res.Rott. : .       Flight     : .   (no amulet)
Saprovore : . . .                    o - ring of protection from magic
                                     r - ring of poison resistance

@: about to teleport, quite resistant to hostile enchantments, fairly stealthy
A: no striking features
a: no special abilities


You were on level 5 of the Dungeon.
You were not hungry.

You visited 2 branches of the dungeon, and saw 7 of its levels.

You collected 207 gold pieces.

Inventory:

Hand weapons
 a - a +4,+0 elven spear (weapon)
 p - a +2,+1 long sword of holy wrath
 s - a +1,+1 orcish mace of protection
Armour
 m - a +0 elven leather armour (worn)
 I - a +0 pair of boots (worn)
Magical devices
 D - a wand of digging (7) {unknown}
 E - a wand of cold (10) {unknown}
Comestibles
 b - 3 bread rations
 d - 3 apples
 l - a meat ration
 z - a pear
 C - a choko
 F - 2 sultanas
 G - 3 grapes
 K - a rambutan
Scrolls
 g - a scroll of magic mapping {unknown}
 i - 2 scrolls of fear
 k - 4 scrolls of teleportation
 q - 2 scrolls of enchant weapon II {unknown}
 w - a scroll of recharging {unknown}
 x - a scroll of enchant weapon I {unknown}
 y - 2 scrolls of curse weapon {unknown}
 B - a scroll of curse armour {unknown}
 N - a scroll of fog {unknown}
Jewellery
 n - an uncursed ring of teleportation
 o - a ring of protection from magic (right hand)
 r - a ring of poison resistance (left hand)
 t - an uncursed ring of sustain abilities
 O - an uncursed ring of sustenance {unknown}
Potions
 e - a potion of confusion {unknown}
 f - 2 potions of restore abilities
 h - a potion of heal wounds {unknown}
 u - 2 potions of paralysis {unknown}
 v - 3 potions of curing {unknown}
 A - a potion of mutation {unknown}
Books
 c - a book of Conjurations

   Spells                             Type                      Level
   *Magic Dart                        Conjuration                  1
   *Searing Ray                       Conjuration                  2
   Dazzling Spray                     Conjuration/Hexes            3
   *Iskenderun's Mystic Blast         Conjuration                  4
   *Iskenderun's Battlesphere         Conjuration/Charms           4
   Fulminant Prism                    Conjuration/Hexes            5


   Skills:
 - Level 2.4 Dodging
 - Level 2.4 Stealth
 + Level 8.1 Spellcasting
 + Level 7.8 Conjurations
 - Level 6.0 Charms


You had 12 spell levels left.
You knew the following spells:

 Your Spells              Type           Power        Failure   Level  Hunger
a - Magic Dart            Conj           ####         1%          1    None
b - Searing Ray           Conj           #####.       1%          2    None
c - Iskenderun's Battles  Conj/Chrm      #####...     6%          4    ###....
d - Iskenderun's Mystic   Conj           #####...     3%          4    ###....


Dungeon Overview and Level Annotations

Branches:
Dungeon (6/16)             Temple (1/1) D:5
    Orc: D:6-11

Altars:
Ashenzari
Elyvilon
Fedhas
Kikubaaqudgha
Makhleb
Nemelex Xobeh
Okawaru
Trog
Vehumet
Xom
Zin
the Shining One

Annotations:
D:2 Sigmund
D:3 exclusion: door


Message History

The ice beast completely misses you. The worm barely misses you.
The orc hits you with an orcish hand axe.
There is a stone staircase leading up, spattered with blood here.
The orc hits you with an orcish war axe.
The phantom completely misses you. The ice beast hits you.
The ice beast freezes you!
The ogre hits you with a giant spiked club!
* * * LOW HITPOINT WARNING * * *
The worm barely misses you.
The orc hits you with an orcish hand axe.
* * * LOW HITPOINT WARNING * * *
You climb upwards.
There is a stone staircase leading down here.
Read which item? (? for menu, Esc to quit)
As you read the scroll of teleportation, it crumbles to dust.
You feel strangely unstable.
The orc hits you with an orcish war axe!
* * * LOW HITPOINT WARNING * * *
The ice beast barely misses you. The phantom hits you.
You die...

...........................#≈..♣.
............##############.#≈≈.♣♣
##########..# #.#≈≈≈♣♣ #..#
#.###### #.)# #.#...## #..#
#.#...#. #..# #.#...'.
#..##############.#...#.
##########.....O@oo........#..[##
...............Ipw.........##'##
.......................###....#
.......................# ######
.......................#
....................%..#
.......................#
.......................#
.......................#


You could see a phantom, a worm, an ice beast, an ogre and 2 orcs.

Vanquished Creatures
  2 ogres (D:5)
  A sky beast (D:5)
  A centaur (D:4)
  2 giant frogs
  A manticore skeleton (D:3)
  4 crimson imps (D:5)
  4 orc wizards
  2 orc priests
  3 worker ants
  An iguana (D:4)
  Jessica (D:3)
  7 adders
  A giant mite (D:4)
  2 worms
  A giant eyeball (D:5)
  4 giant geckos
  An ooze (D:1)
  14 orcs
  4 ball pythons
  12 bats
  3 giant cockroaches
  8 hobgoblins
  9 kobolds
  4 quokkas
  4 giant newts
  10 goblins
  A quokka skeleton (D:4)
  12 rats
119 creatures vanquished.

Notes
Turn   | Place    | Note
--------------------------------------------------------------
     0 | D:1      | Ragg, the Deep Elf Conjurer, began the quest for the Orb.
     0 | D:1      | Reached XP level 1. HP: 10/10 MP: 4/4
   301 | D:1      | Reached XP level 2. HP: 15/15 MP: 3/7
   661 | D:1      | Learned a level 2 spell: Searing Ray
   898 | D:2      | Reached XP level 3. HP: 19/19 MP: 5/10
   984 | D:2      | Reached skill level 5 in Conjurations
  1470 | D:2      | Noticed Sigmund
  2122 | D:3      | Found a shattered altar of Ashenzari.
  2145 | D:3      | Reached XP level 4. HP: 24/24 MP: 6/14
  2157 | D:3      | Learned a level 4 spell: Iskenderun's Battlesphere
  2373 | D:3      | Noticed Jessica
  2377 | D:3      | Killed Jessica
  2377 | D:3      | Reached skill level 1 in Charms
  2479 | D:3      | Learned a level 4 spell: Iskenderun's Mystic Blast
  2626 | D:3      | Reached XP level 5. HP: 28/28 MP: 10/17
  2886 | D:4      | Found a shimmering altar of Xom.
  2936 | D:4      | Noticed a centaur
  3211 | D:4      | Reached skill level 5 in Spellcasting
  3218 | D:4      | Reached skill level 6 in Conjurations
  3315 | D:4      | Found a radiant altar of Vehumet.
  3366 | D:4      | Reached XP level 6. HP: 32/32 MP: 16/20
  3426 | D:4      | Killed a centaur
  4068 | D:4      | Found an ancient bone altar of Kikubaaqudgha.
  4068 | D:4      | Found a white marble altar of Elyvilon.
  4148 | D:5      | Entered Level 5 of the Dungeon
  4179 | D:5      | Found a staircase to the Ecumenical Temple.
  4194 | Temple   | Entered the Ecumenical Temple
  4472 | D:5      | Reached skill level 5 in Charms
  4601 | D:5      | Reached XP level 7. HP: 36/36 MP: 6/23
  5097 | D:5      | Reached skill level 7 in Conjurations
  5437 | D:5      | Reached XP level 8. HP: 11/41 MP: 10/25
  5440 | D:5      | Reached skill level 8 in Spellcasting
  5795 | D:5      | HP: 1/41 [orc/orcish war axe (8)]
  5795 | D:5      | Slain by a phantom

Action                   |  1- 3 |  4- 6 |  7- 9 || total
-------------------------+-------+-------+-------++-------
Melee: Spear             |     2 |       |     1 ||     3
 Cast: Magic Dart        |    89 |    72 |    57 ||   218
       Searing Ray       |     2 |    18 |     3 ||    23
       Iskenderun's Batt |       |     2 |     7 ||     9
  Use: Scroll            |     5 |     5 |     1 ||    11
